APL (24 & UNDER)
DETROIT DIRTY SNOW @ KENOSHA KINGFISH
08/23/2026
 
TOP OF THE 1ST
Detroit Dirty Snow batting - Pitching for Kenosha Kingfish : RHP Sid Allen
Pitching: RHP Sid Allen
Batting: SHB Bob Noble 0-0: Called Strike
0-1: Ball
1-1: Ground out 4-3 (Groundball, 4M)
Batting: RHB Cristo Souza 0-0: Ball
1-0: Ball
2-0: Foul Ball, location: 2F
2-1: Called Strike
2-2: Foul Ball, location: 2F
2-2: Foul Ball, location: 2F
2-2: Ball
3-2: Foul Ball, location: 2F
3-2: Base on Balls
Batting: LHB Eric Powell 0-0: Ball
1-0: Foul Ball, location: 2F
1-1: Ball
2-1: Fielders Choice at 2nd, 4-6 (Groundball, 4)
Batting: SHB Tim Reid 0-0: Ball
1-0: Ball
2-0: SINGLE (Groundball, 4M)
Eric Powell to second
Runner from 2nd tries for 3rd, SAFE, no throw or cutoff
Batting: RHB Héctor Berrios 0-0: Swinging Strike
0-1: Ball
1-1: Ball
2-1: Foul Ball, location: 2F
2-2: Strikes out swinging
Top of the 1st over - 0 run(s), 1 hit(s), 0 error(s), 2 left on base; Detroit 0 - Kenosha 0
BOTTOM OF THE 1ST
Kenosha Kingfish batting - Pitching for Detroit Dirty Snow : RHP Hayden Collins
Pitching: RHP Hayden Collins
Batting: RHB Manuel Gómez 0-0: Ball
1-0: Ball
2-0: Ball
3-0: Called Strike
3-1: Called Strike
3-2: Foul Ball, location: 2F
3-2: Foul Ball, location: 2F
3-2: Fly out, F6 (Popup, 6)
Batting: SHB Alfonso Escasán 0-0: Foul Ball, location: 2F
0-1: Ball
1-1: Ball
2-1: Called Strike
2-2: Ball
3-2: Foul Ball, location: 2F
3-2: Fly out, F8 (Flyball, 8RS)
Batting: LHB Richard Brooks 0-0: Fly out, F8 (Flyball, 8LM)
Bottom of the 1st over - 0 run(s), 0 hit(s), 0 error(s), 0 left on base; Detroit 0 - Kenosha 0
TOP OF THE 2ND
Detroit Dirty Snow batting - Pitching for Kenosha Kingfish : RHP Sid Allen
Batting: RHB Manny Perea 0-0: Ball
1-0: Foul Ball, location: 2F
1-1: Foul Ball, location: 2F
1-2: Ball
2-2: Ball
3-2: Strikes out swinging
Batting: RHB Charlie O'Farrell 0-0: Ball
1-0: Ball
2-0: Called Strike
2-1: SINGLE (Groundball, 56D)
Batting: RHB Phil Wright 0-0: Ball
1-0: Ball
2-0: SINGLE (Line Drive, 4MD)
Charlie O'Farrell to second
Batting: RHB Arturo Jiménez 0-0: Foul Ball, location: 2F
0-1: Swinging Strike
0-2: Foul Ball, location: 2F
0-2: Ball
1-2: Foul Ball, location: 2F
1-2: Foul Ball, location: 2F
1-2: Foul Ball, location: 2F
1-2: Grounds into double play, 6-4-3 (Groundball, 6)
Top of the 2nd over - 0 run(s), 2 hit(s), 0 error(s), 1 left on base; Detroit 0 - Kenosha 0
BOTTOM OF THE 2ND
Kenosha Kingfish batting - Pitching for Detroit Dirty Snow : RHP Hayden Collins
Batting: RHB Matt Rodríguez 0-0: Ball
1-0: Foul Ball, location: 2F
1-1: Ball
2-1: Ground out 5-3 (Groundball, 5)
Batting: SHB Júlio Valentín 0-0: Ball
1-0: Foul Ball, location: 2F
1-1: Foul Ball, location: 2F
1-2: Fly out, F5 (Popup, 15)
Batting: SHB Devin Smith 0-0: DOUBLE (Flyball, 89XD)
Batting: LHB Carlton López 0-0: Called Strike
0-1: Foul Ball, location: 2F
0-2: Ground out U3 (Groundball, 3S)
Bottom of the 2nd over - 0 run(s), 1 hit(s), 0 error(s), 1 left on base; Detroit 0 - Kenosha 0
TOP OF THE 3RD
Detroit Dirty Snow batting - Pitching for Kenosha Kingfish : RHP Sid Allen
Batting: SHB Bob Noble 0-0: Called Strike
0-1: Foul Ball, location: 2F
0-2: Ground out 4-3 (Groundball, 4)
Batting: RHB Cristo Souza 0-0: Called Strike
0-1: Ball
1-1: Foul Ball, location: 2F
1-2: Strikes out swinging
Batting: LHB Eric Powell 0-0: Called Strike
0-1: Ball
1-1: Ball
2-1: Ball
3-1: Swinging Strike
3-2: Strikes out swinging
Top of the 3rd over - 0 run(s), 0 hit(s), 0 error(s), 0 left on base; Detroit 0 - Kenosha 0
BOTTOM OF THE 3RD
Kenosha Kingfish batting - Pitching for Detroit Dirty Snow : RHP Hayden Collins
Batting: RHB Sergio Mata 0-0: Ball
1-0: Fly out, F6 (Popup, 4M)
Batting: LHB Miguel Flores 0-0: Ground out 4-3 (Groundball, 4)
Batting: RHB Manuel Gómez 0-0: Ball
1-0: Called Strike
1-1: Ball
2-1: Ball
3-1: Base on Balls
Batting: SHB Alfonso Escasán 0-0: Ball
1-0: Called Strike
1-1: Ground out 6-3 (Groundball, 6)
Bottom of the 3rd over - 0 run(s), 0 hit(s), 0 error(s), 1 left on base; Detroit 0 - Kenosha 0
TOP OF THE 4TH
Detroit Dirty Snow batting - Pitching for Kenosha Kingfish : RHP Sid Allen
Batting: SHB Tim Reid 0-0: Ball
1-0: Ball
2-0: SINGLE (Groundball, 34D)
Batting: RHB Héctor Berrios 0-0: Called Strike
0-1: Ball
1-1: Ball
2-1: Grounds into double play, 5-4-3 (Groundball, 56)
Batting: RHB Manny Perea 0-0: DOUBLE (Flyball, 89D)
Batting: RHB Charlie O'Farrell 0-0: Ball
1-0: Ball
2-0: Foul Ball, location: 2F
2-1: Fly out, F9 (Flyball, 89M)
Top of the 4th over - 0 run(s), 2 hit(s), 0 error(s), 1 left on base; Detroit 0 - Kenosha 0
BOTTOM OF THE 4TH
Kenosha Kingfish batting - Pitching for Detroit Dirty Snow : RHP Hayden Collins
Batting: LHB Richard Brooks 0-0: Ball
1-0: Ball
2-0: Ball
3-0: Foul Ball, location: 2F
3-1: Foul Ball, location: 2F
3-2: DOUBLE (Line Drive, 9LM)
Batting: RHB Matt Rodríguez 0-0: Ground out 4-3 (Groundball, 4)
Richard Brooks to third
Batting: SHB Júlio Valentín 0-0: Ball
1-0: Fly out, F8 (Flyball, 8LM)
Runner from 3rd tags up, SCORES, no throw
Batting: SHB Devin Smith 0-0: Foul Ball, location: 2F
0-1: Ground out 5-3 (Groundball, 56)
Bottom of the 4th over - 1 run(s), 1 hit(s), 0 error(s), 0 left on base; Detroit 0 - Kenosha 1
TOP OF THE 5TH
Detroit Dirty Snow batting - Pitching for Kenosha Kingfish : RHP Sid Allen
Batting: RHB Phil Wright 0-0: Swinging Strike
0-1: Ball
1-1: Foul Ball, location: 2F
1-2: SINGLE (Line Drive, 6MD)
Batting: RHB Arturo Jiménez 0-0: Ball
1-0: Swinging Strike
1-1: Ball
2-1: Foul Ball, location: 2F
2-2: Strikes out swinging
Batting: SHB Bob Noble 0-0: TRIPLE (Line Drive, 89M)
Phil Wright scores
Batting: RHB Cristo Souza 0-0: Ball
1-0: Ball
2-0: Swinging Strike
2-1: Foul Ball, location: 2F
2-2: Strikes out swinging
Pitching: LHP Nick Clayton
Batting: LHB Eric Powell 0-0: Ball
1-0: Swinging Strike
1-1: Ground out 4-3 (Groundball, 34)
Top of the 5th over - 1 run(s), 2 hit(s), 0 error(s), 1 left on base; Detroit 1 - Kenosha 1
BOTTOM OF THE 5TH
Kenosha Kingfish batting - Pitching for Detroit Dirty Snow : RHP Hayden Collins
Batting: LHB Carlton López 0-0: SINGLE (Line Drive, 4MD)
Batting: RHB Sergio Mata 0-0: Ball
1-0: Grounds into double play, 6-4-3 (Groundball, 6)
Batting: LHB Miguel Flores 0-0: Ball
1-0: Ball
2-0: Ground out 6-3 (Groundball, 6M)
Bottom of the 5th over - 0 run(s), 1 hit(s), 0 error(s), 0 left on base; Detroit 1 - Kenosha 1
TOP OF THE 6TH
Detroit Dirty Snow batting - Pitching for Kenosha Kingfish : LHP Nick Clayton
Batting: SHB Tim Reid 0-0: Ball
1-0: Ball
2-0: Ball
3-0: Base on Balls
Batting: RHB Héctor Berrios 0-0: Ball
1-0: Swinging Strike
1-1: Foul Ball, location: 2F
1-2: Ball
2-2: Foul Ball, location: 2F
2-2: Fly out, F8 (Flyball, 8LS)
Batting: RHB Manny Perea 0-0: SINGLE (Groundball, 34D)
Tim Reid to second
Runner from 2nd tries for 3rd, SAFE, no throw or cutoff
Batting: RHB Charlie O'Farrell 0-0: Ground out 6-3 (Groundball, 6MS)
Tim Reid scores
Manny Perea to second
Batting: RHB Phil Wright 0-0: Called Strike
0-1: Ball
1-1: Fly out, F3 (Line Drive, 3L)
Top of the 6th over - 1 run(s), 1 hit(s), 0 error(s), 1 left on base; Detroit 2 - Kenosha 1
BOTTOM OF THE 6TH
Kenosha Kingfish batting - Pitching for Detroit Dirty Snow : RHP Hayden Collins
Batting: RHB Manuel Gómez 0-0: Fly out, F4 (Popup, 6MD)
Batting: SHB Alfonso Escasán 0-0: Ball
1-0: Ball
2-0: Foul Ball, location: 2F
2-1: SINGLE (Groundball, 34D)
Batting: LHB Richard Brooks 0-0: Ball
1-0: Called Strike
1-1: Swinging Strike
1-2: SINGLE (Line Drive, 9S)
Alfonso Escasán to second
Batting: RHB Matt Rodríguez 0-0: Called Strike
0-1: SINGLE (Groundball, 56D)
Alfonso Escasán to third
Richard Brooks to second
Runner from 3rd tries for Home, SAFE, throw made home
Batting: SHB Júlio Valentín 0-0: Fly out, F6 (Line Drive, 6)
Batting: SHB Devin Smith 0-0: Foul Ball, location: 2F
0-1: Ball
1-1: Called Strike
1-2: Strikes out looking
Bottom of the 6th over - 1 run(s), 3 hit(s), 0 error(s), 2 left on base; Detroit 2 - Kenosha 2
TOP OF THE 7TH
Detroit Dirty Snow batting - Pitching for Kenosha Kingfish : LHP Nick Clayton
Batting: RHB Arturo Jiménez 0-0: Called Strike
0-1: Ball
1-1: Foul Ball, location: 2F
1-2: Strikes out looking
Batting: SHB Bob Noble 0-0: Foul Ball, location: 2F
0-1: Fly out, F8 (Flyball, 8RD)
Batting: RHB Cristo Souza 0-0: Called Strike
0-1: Fly out, F6 (Popup, 6)
Top of the 7th over - 0 run(s), 0 hit(s), 0 error(s), 0 left on base; Detroit 2 - Kenosha 2
BOTTOM OF THE 7TH
Kenosha Kingfish batting - Pitching for Detroit Dirty Snow : RHP Hayden Collins
Batting: LHB Carlton López 0-0: SINGLE (Groundball, 6S)
Batting: RHB Sergio Mata 0-0: Ball
1-0: Ball
2-0: Ball
3-0: Called Strike
3-1: Bunted foul
3-2: Strikes out swinging
Carlton López is caught stealing 2nd base
Batter strikes out.
Batting: LHB Miguel Flores 0-0: Swinging Strike
0-1: Fly out, F7 (Line Drive, 78S)
Bottom of the 7th over - 0 run(s), 1 hit(s), 0 error(s), 0 left on base; Detroit 2 - Kenosha 2
TOP OF THE 8TH
Detroit Dirty Snow batting - Pitching for Kenosha Kingfish : LHP Nick Clayton
Pinch Hitting: RHB Norm Skinner 0-0: Ground out 6-3 (Groundball, 6)
Pitching: RHP Júlio Vargas
Batting: SHB Tim Reid 0-0: Called Strike
0-1: Ball
1-1: Foul Ball, location: 2F
1-2: SINGLE (Line Drive, 34D)
Batting: RHB Héctor Berrios 0-0: Called Strike
0-1: Swinging Strike
0-2: Ball
Wild Pitch!
Tim Reid to second
1-2: Ball
2-2: Ball
3-2: Strikes out looking
Batting: RHB Manny Perea 0-0: Ball
1-0: Ball
2-0: Ball
3-0: Base on Balls
Batting: RHB Charlie O'Farrell 0-0: Ball
1-0: Ball
2-0: Ball
3-0: Base on Balls
Tim Reid to third
Manny Perea to second
Batting: RHB Phil Wright 0-0: Ball
1-0: SINGLE (Groundball, 56D)
Tim Reid scores
Manny Perea to third
Charlie O'Farrell to second
Runner from 3rd tries for Home, SAFE, throw made home
Charlie O'Farrell to third
Phil Wright to second
Batting: RHB Arturo Jiménez 0-0: Called Strike
0-1: Ball
1-1: Foul Ball, location: 2F
1-2: Foul Ball, location: 2F
1-2: SINGLE (Line Drive, 7S)
Charlie O'Farrell scores
Phil Wright to third
Runner from 3rd tries for Home, SAFE, no throw or cutoff
Pitching: RHP Jorge Chávez
Batting: SHB Bob Noble 0-0: Swinging Strike
0-1: Foul Ball, location: 2F
0-2: Foul Ball, location: 2F
0-2: Ball
1-2: SINGLE (Flyball, 9LS)
Arturo Jiménez to second
Arturo Jiménez to third
Batting: RHB Cristo Souza 0-0: Hit by Pitch
Bob Noble to second
Batting: RHB Norm Skinner 0-0: Fly out, F4 (Line Drive, 4)
Top of the 8th over - 4 run(s), 4 hit(s), 0 error(s), 3 left on base; Detroit 6 - Kenosha 2
BOTTOM OF THE 8TH
Kenosha Kingfish batting - Pitching for Detroit Dirty Snow : RHP Hayden Collins
Now in CF: Norm Skinner
Batting: RHB Manuel Gómez 0-0: Swinging Strike
0-1: Called Strike
0-2: Ball
1-2: Ball
2-2: Ball
3-2: Strikes out looking
Pitching: RHP Paul McFadden
Batting: SHB Alfonso Escasán 0-0: Ball
1-0: Ball
2-0: Called Strike
2-1: Ball
3-1: Called Strike
3-2: Base on Balls
Batting: LHB Richard Brooks 0-0: Called Strike
0-1: Ball
1-1: Fly out, F9 (Flyball, 89M)
Batting: RHB Matt Rodríguez 0-0: Swinging Strike
0-1: Foul Ball, location: 2F
0-2: Strikes out looking
Bottom of the 8th over - 0 run(s), 0 hit(s), 0 error(s), 1 left on base; Detroit 6 - Kenosha 2
TOP OF THE 9TH
Detroit Dirty Snow batting - Pitching for Kenosha Kingfish : RHP Jorge Chávez
Batting: SHB Tim Reid 0-0: Called Strike
0-1: Ball
1-1: Ball
2-1: Ball
3-1: DOUBLE (Flyball, 7LD)
Batting: RHB Héctor Berrios 0-0: Ball
1-0: Swinging Strike
1-1: Ball
2-1: Foul Ball, location: 2F
2-2: Ball
3-2: Base on Balls
Batting: RHB Manny Perea 0-0: Grounds into double play, 1-6-3 (Groundball, 13S)
Tim Reid to third
Batting: RHB Charlie O'Farrell 0-0: Called Strike
0-1: Ball
1-1: Ball
2-1: Ball
3-1: Base on Balls
Batting: RHB Phil Wright 0-0: Foul Ball, location: 2F
0-1: Fielders Choice at 2nd, U6 (Groundball, 6M)
Top of the 9th over - 0 run(s), 1 hit(s), 0 error(s), 2 left on base; Detroit 6 - Kenosha 2
BOTTOM OF THE 9TH
Kenosha Kingfish batting - Pitching for Detroit Dirty Snow : RHP Paul McFadden
Batting: SHB Júlio Valentín 0-0: Called Strike
0-1: Called Strike
0-2: Ball
1-2: Ball
2-2: Ball
3-2: Base on Balls
Batting: SHB Devin Smith 0-0: Swinging Strike
0-1: Called Strike
0-2: Ball
1-2: Ball
Wild Pitch!
Júlio Valentín to second
2-2: Strikes out swinging
Batting: LHB Carlton López 0-0: Swinging Strike
0-1: Foul Ball, location: 2F
0-2: Ball
1-2: Strikes out swinging
Batting: RHB Sergio Mata 0-0: Ball
1-0: Reached on error, E6 (Groundball, 6M)
Júlio Valentín scores
Pitching: RHP George Burks
Batting: LHB Miguel Flores 0-0: Swinging Strike
0-1: Foul Ball, location: 2F
0-2: Ball
1-2: DOUBLE (Flyball, 7LM)
Sergio Mata scores
Batting: RHB Manuel Gómez 0-0: Called Strike
0-1: Swinging Strike
0-2: Ground out 1-3 (Groundball, 15)
Bottom of the 9th over - 2 run(s), 1 hit(s), 1 error(s), 1 left on base; Detroit 6 - Kenosha 4
Monday, December 5th, 2016 - OOTP Baseball 17.12 Build 75